 Dungeon Crawl Stone Soup version 0.31.0-12-g77e489cdc1 (webtiles) character file.

Game seed: 10122745945718713943

52 PriceMaster the Chiller (level 3, 0/24 HPs)
             Began as a Demonspawn Ice Elementalist on Feb 27, 2024.
             Slain by a ribbon worm (7 damage)
             ... on level 2 of the Dungeon.
             The game lasted 00:01:28 (1137 turns).

PriceMaster the Chiller (DsIE)                      Turns: 1137, Time: 00:01:30

Health: 0/24       AC:  2    Str:  8    XL:     3   Next: 60%
Magic:  0/6        EV: 12    Int: 17    God:
Gold:   124        SH:  0    Dex: 13    Spells: 6/7 levels left

rFire   . . .        d - +0 short sword
rCold   . . .        (no shield)
rNeg    . . .        a - +0 robe
rPois   .            (no helmet)
rElec   .            (no cloak)
rCorr   .            (no gloves)
SInv    .            (no boots)
Will    .....        (no amulet)
Stlth   ++           (no ring)
HPRegen 0.24/turn    (no ring)
MPRegen 0.20/turn

%: no passive effects
@: no status effects
A: magic regeneration
a: no special abilities


You were on level 2 of the Dungeon.
You visited 1 branch of the dungeon, and saw 2 of its levels.

You collected 124 gold pieces.

Inventory:

Hand Weapons
 d - a +0 short sword (weapon)
Armour
 a - a +0 robe (worn)
Magical Staves
 h - a staff of alchemy
Scrolls
 c - a scroll of blinking {unknown}
 e - a scroll of poison {unknown}
 f - 2 scrolls of teleportation {unknown}
 i - a scroll of identify {unknown}
 j - a scroll of enchant weapon {unknown}
Potions
 b - a potion of magic
 g - 2 potions of mutation {unknown}


   Skills:
 + Level 0.7 Short Blades
 + Level 1.9 Dodging
 + Level 2.1 Stealth
 + Level 2.5 Spellcasting
 + Level 4.2 Ice Magic


You had 6 spell levels left.
You knew the following spells:

 Your Spells              Type           Power      Damage    Failure   Level
a - Freeze                Ice            64%        1d7       3%          1

Your spell library contained the following spells:

 Spells                   Type           Power      Damage    Failure   Level
 Frozen Ramparts          Ice            32%        1d5       10%         3
 Ozocubu's Armour         Ice            16%        N/A       10%         3
 Summon Ice Beast         Ice/Summ       9%         N/A       22%         3


Dungeon Overview and Level Annotations

Branches:
Dungeon (2/15)

Altars:


Innate Abilities, Weirdness & Mutations

You regenerate magic rapidly.


Message History

The jackal tears the web.
The ribbon worm bites you.
Unknown command.
Casting: Freeze (safe; 3% risk of failure)
Confirm with . or Enter, or press ? or * to list all spells.
Aiming: Freeze (safe; 3% risk of failure)
Press: ? - help, Shift-Dir - straight line, f - ribbon worm
Aim: a ribbon worm (catching its breath)
You freeze the ribbon worm.
The ribbon worm is moderately wounded.
The jackal closely misses you. The jackal bites you.
The ribbon worm bites you but does no damage.
Casting: Freeze (safe; 3% risk of failure)
Confirm with . or Enter, or press ? or * to list all spells.
Aiming: Freeze (safe; 3% risk of failure)
Press: ? - help, Shift-Dir - straight line, f/p - ribbon worm
Aim: a ribbon worm (lightly wounded, catching its breath)
You freeze the ribbon worm.
The ribbon worm is heavily wounded.
The jackal bites you. The jackal barely misses you.
The jackal bites you but does no damage.
The jackal bites you.
Casting: Freeze (safe; 3% risk of failure)
Confirm with . or Enter, or press ? or * to list all spells.
Aiming: Freeze (safe; 3% risk of failure)
Press: ? - help, Shift-Dir - straight line, f/p - ribbon worm
Aim: a ribbon worm (heavily wounded, catching its breath)
You freeze the ribbon worm.
The ribbon worm is severely wounded.
The jackal misses you. The jackal bites you. The ribbon worm bites you!
* * * LOW HITPOINT WARNING * * *
Casting: Freeze (safe; 3% risk of failure)
Confirm with . or Enter, or press ? or * to list all spells.
Aiming: Freeze (safe; 3% risk of failure)
Press: ? - help, Shift-Dir - straight line, f/p - ribbon worm
Aim: a ribbon worm (severely wounded, catching its breath)
You freeze the ribbon worm.
The ribbon worm is almost dead.
The jackal closely misses you. The jackal barely misses you.
The ribbon worm bites you!
You die...

# #....# #..# ....#
# #....# #..###....#
## #....#
#.........# .#
####.####........#
.## #.##........##
..### #..#........#
#...####..........#
###....#####+##.####
.[####.........h@w.#
###....#####...†h..#
#...#### #.......#
..### .....#......
.## .....######## .#
#....# ## #.... #
... #


You could see a ribbon worm (catching breath) and 2 jackals.

Vanquished Creatures
  An adder (D:2)
  A dart slug (D:2)
  A ribbon worm (D:2)
  4 endoplasms
  3 giant cockroaches
  2 goblins
  5 hobgoblins
  3 jackals
  2 quokkas
  4 ball pythons
  A frilled lizard (D:1)
  4 kobolds (D:1)
  5 rats
36 creatures vanquished.

Notes
Turn   | Place    | Note
-------+----------+-------------------------------------------
     0 | D:1      | PriceMaster the Demonspawn Ice Elementalist began the quest
                  | for the Orb.
     0 | D:1      | Reached XP level 1. HP: 13/13 MP: 3/3
   228 | D:1      | Gained mutation: You regenerate magic rapidly. [demonic
                  | ancestry]
   228 | D:1      | Reached XP level 2. HP: 19/19 MP: 0/5
   369 | D:1      | Reached skill level 4 in Ice Magic
   854 | D:2      | Reached XP level 3. HP: 24/24 MP: 6/6
  1137 | D:2      | Slain by a ribbon worm

Illustrated notes

Levels and vault maps discovered:
D:1:      lemuel_arrival_rhombus, layout_loops_ring
D:2:      minmay_general_purpose_star, layout_basic, uniq_crazy_yiuf_cottage

Skill      XL: |  1  2  3 |
---------------+----------+-----
Ice Magic      | 4 |  4.2
Stealth        | 2 |  2.1
Short Blades   | |  0.7
Dodging        | |  1.9
Spellcasting   | |  2.5

Action                     || total
---------------------------++-------
  Melee: Short sword       ||    72
   Cast: Freeze            ||    36
   Stab: Sleeping          ||     4
 Armour: Robe              ||    44
  Dodge: Dodged            ||    61
